 Dungeon Crawl Stone Soup version 0.26-a0-771-g060e6a6 (webtiles) character file.

Game seed: 18016118466262398973

1595 MrTaco21 the Basher (level 8, -1/46 HPs)
             Began as a Gargoyle Fighter on Nov 8, 2020.
             Killed from afar by an orc wizard (8 damage)
             ... with a magic dart
             ... on level 4 of the Dungeon.
             The game lasted 00:05:49 (5169 turns).

MrTaco21 the Basher (Gargoyle Fighter)              Turns: 5169, Time: 00:05:49

Health: -1/46      AC: 14    Str: 22    XL:     8   Next: 93%
Magic:  8/8        EV:  7    Int: 15    God:
Gold:   319        SH:  9    Dex:  9    Spells: 7/7 levels left

rFire    . . .     SeeInvis .   w - +1 flail (holy)
rCold    . . .     Faith    .   c - +0 kite shield
rNeg     + . .     Spirit   .   b - +0 scale mail
rPois    ∞         Reflect  .   (no helmet)
rElec    +         Harm     .   y - +0 cloak
rCorr    .         Rampage  .   (no gloves)
MR       .....                  l - +0 pair of boots
Stlth    ..........             (no amulet)
HPRegen  0.15/turn              o - ring of flight
MPRegen  0.11/turn              v - +6 ring of intelligence

@: no status effects
A: negative energy resistance 1, electricity resistance, unbreathing,
petrification resistance, rot immunity, AC +5
a: Evoke Flight


You were on level 4 of the Dungeon.
You visited 1 branch of the dungeon, and saw 5 of its levels.

You collected 319 gold pieces.

Inventory:

Hand Weapons
 w - a +1 flail of holy wrath (weapon)
   (You found it on level 3 of the Dungeon)
Armour
 b - a +0 scale mail (worn)
 c - a +0 kite shield (worn)
 l - a +0 pair of boots (worn)
   (You found it on level 1 of the Dungeon)
 y - a +0 cloak (worn)
   (You found it on level 4 of the Dungeon)
Jewellery
 i - an uncursed ring of protection from fire
   (You took it off an orc wizard on level 5 of the Dungeon)
 o - a ring of flight (left hand)
   (You found it on level 2 of the Dungeon)
 v - a +6 ring of intelligence (right hand)
   (You found it on level 3 of the Dungeon)
Wands
 t - a wand of flame (16)
   (You took it off Jessica on level 3 of the Dungeon)
 x - a wand of acid (10)
   (You found it on level 3 of the Dungeon)
 z - a wand of polymorph (9)
   (You found it on level 4 of the Dungeon)
Scrolls
 a - 2 scrolls of remove curse {unknown}
 e - 3 scrolls of fog {unknown}
 f - 3 scrolls of teleportation {unknown}
 g - 8 scrolls of identify {unknown}
 j - a scroll of fear {unknown}
 k - 5 scrolls of amnesia {unknown}
 A - a scroll of acquirement {unknown}
 D - a scroll of enchant weapon {unknown}
Potions
 d - 4 potions of might
 h - a potion of flight {unknown}
 m - a potion of lignification {unknown}
 n - a potion of haste {unknown}
 p - 2 potions of mutation {unknown}
 q - a potion of magic {unknown}
 r - 2 potions of berserk rage {unknown}
 s - a potion of heal wounds {unknown}
 u - a potion of brilliance {unknown}
 B - 2 potions of ambrosia {unknown}
 C - a potion of cancellation {unknown}
 E - 3 potions of curing {unknown}


   Skills:
 - Level 3.2 Fighting
 + Level 11.0 Maces & Flails
 - Level 3.2 Armour
 - Level 3.2 Shields


You had 7 spell levels left.
You didn't know any spells.
Your spell library was empty.

Dungeon Overview and Level Annotations

Branches:
Dungeon (5/15)
 Temple: D:4-7

Altars:
Fedhas
Hepliaklqana
Okawaru
Ru
Sif Muna
Uskayaw
Vehumet
Wu Jian


Innate Abilities, Weirdness & Mutations

You are resistant to torment.
Your stone body is resilient. (AC +5)
You are immune to poison.
You resist negative energy. (rN+)
You are resistant to electric shocks. (rElec)
You can survive without breathing.
You are immune to petrification.
You are immune to rotting.


Message History

The orc closely misses you.
You hit the orc. You block the orc warrior's attack.
The orc hits you but does no damage.
You hit the orc.
You kill the orc!
The orc warrior hits you but does no damage.
You closely miss the orc warrior.
The orc priest looks braver for a moment.
The orc warrior hits you but does no damage.
You block the orc warrior's attack.
You hit the orc warrior but do no damage.
You closely miss the orc warrior.
The orc warrior hits you from afar with a +0 halberd!
The orc warrior hits you with a +0 flail.
The orc wizard gestures wildly while chanting.
The orc wizard seems to speed up.
You closely miss the orc warrior.
The orc warrior hits you with a +0 flail.
* * * LOW HITPOINT WARNING * * *
The orc warrior hits you from afar with a +0 halberd.
* * * LOW HITPOINT WARNING * * *
You are too injured to fight recklessly!
You are too injured to fight recklessly!
Items here: ))) †††.
The orc warrior hits you with a +0 flail.
* * * LOW HITPOINT WARNING * * *
You block the orc wizard's attack.
There is a stone staircase leading up here.
The orc warrior hits you with a +0 flail.
* * * LOW HITPOINT WARNING * * *
You climb upwards.
There is a stone staircase leading down here.
You hit the orc warrior but do no damage.
You block the orc wizard's attack.
The orc wizard hits you but does no damage.
The orc warrior barely misses you.
You hit the orc warrior but do no damage.
The orc wizard closely misses you.
You closely miss the orc warrior. The orc wizard casts a spell at you.
The magic dart hits you but does no damage.
The orc warrior hits you with a +0 flail!
* * * LOW HITPOINT WARNING * * *
You hit the orc warrior. You block the orc wizard's attack.
You block the orc warrior's attack.
The orc wizard hits you but does no damage.
You hit the orc warrior. The orc wizard casts a spell at you.
The magic dart hits you!
You die...

....##..###'###..###.###...###...
######...#....#...#...#....#.....
....##...#....#...#...#....#.....
.........#....#...#...#....#.....
.........#....#...#...#....#.....
>.####...##..#######'###...##....
######...##..##..###.###...##....
.................o....#..........
................@.....#..........
......(........o......#..........
.###.##..##..##########.#######..
.###.##+###..##########.##.####..
........................#........
........................#......†.
........................#........
........................#........
........................#........


You could see an orc warrior and an orc wizard (fast).

Vanquished Creatures
  Eustachio (D:5)
  Duvessa (D:5)
  2 ogres (D:5)
  A phantom (D:5)
  A centaur (D:5)
  Dowan (D:5)
  4 scorpions (D:5)
  A howler monkey (D:5)
  A bullfrog zombie (D:5)
  A gnoll shaman (D:5)
  A centaur skeleton (D:4)
  A bullfrog skeleton (D:5)
  4 hounds
  An iguana (D:4)
  An orc wizard (D:5)
  Jessica (D:3)
  6 worker ants
  2 hound skeletons (D:5)
  7 gnolls
  9 adders
  2 white imps (D:5)
  An ooze (D:2)
  An adder zombie (D:5)
  A worm (D:3)
  2 leopard geckos
  11 orcs
  8 bats
  2 giant cockroaches (D:1)
  8 goblins
  9 hobgoblins
  3 quokkas
  7 frilled lizards
  2 jackal skeletons
  8 kobolds
  A leopard gecko skeleton (D:5)
  6 rats
119 creatures vanquished.

Notes
Turn   | Place    | Note
-------+----------+-------------------------------------------
     0 | D:1      | MrTaco21 the Gargoyle Fighter began the quest for the Orb.
     0 | D:1      | Reached XP level 1. HP: 14/14 MP: 1/1
   253 | D:1      | Reached XP level 2. HP: 19/19 MP: 2/2
   389 | D:1      | Reached skill level 3 in Maces & Flails
   852 | D:2      | Reached XP level 3. HP: 15/23 MP: 3/3
  1202 | D:2      | Reached skill level 4 in Maces & Flails
  1291 | D:2      | Reached XP level 4. HP: 28/28 MP: 4/4
  1512 | D:2      | Reached skill level 5 in Maces & Flails
  1512 | D:2      | Reached XP level 5. HP: 11/32 MP: 5/5
  2025 | D:3      | Noticed Jessica
  2037 | D:3      | Killed Jessica
  2297 | D:4      | Reached skill level 6 in Maces & Flails
  2297 | D:4      | Reached XP level 6. HP: 33/37 MP: 6/6
  3211 | D:4      | Reached skill level 7 in Maces & Flails
  3404 | D:5      | Entered Level 5 of the Dungeon
  3413 | D:5      | Reached XP level 7. HP: 24/41 MP: 7/7
  3677 | D:5      | Found a hazy altar of Hepliaklqana.
  3680 | D:5      | Found a radiant altar of Vehumet.
  3683 | D:5      | Found a shimmering blue altar of Sif Muna.
  3697 | D:5      | Found an iron altar of Okawaru.
  3712 | D:5      | Noticed Duvessa
  3713 | D:5      | Noticed Dowan
  3730 | D:5      | Killed Duvessa
  3730 | D:5      | Reached skill level 8 in Maces & Flails
  3734 | D:5      | Killed Dowan
  3897 | D:5      | Found a blossoming altar of Fedhas.
  3897 | D:5      | Found a sacrificial altar of Ru.
  3903 | D:5      | Found a hide-covered altar of Uskayaw.
  3905 | D:5      | Found a faded altar of an unknown god.
  3907 | D:5      | Found an ornate altar of the Wu Jian Council.
  3924 | D:5      | Noticed Eustachio
  3952 | D:5      | Killed Eustachio
  3952 | D:5      | Reached skill level 9 in Maces & Flails
  3952 | D:5      | Reached XP level 8. HP: 34/46 MP: 8/8
  4241 | D:5      | Reached skill level 10 in Maces & Flails
  4830 | D:5      | Found a runed translucent door.
  5118 | D:5      | Reached skill level 11 in Maces & Flails
  5169 | D:4      | Killed from afar by an orc wizard

Illustrated notes

Levels and vault maps discovered:
D:1:      minmay_arrival_radiant_lines, layout_loops_ring
D:2:      layout_rooms, grunt_ministairs_8, chequers_serial_rivers_micro_e
D:3:      minmay_door_path, layout_rooms, uniq_jessica
D:4:      layout_gridville
D:5:      kennysheep_windowed_halls, layout_gridville,
          grunt_temple_overflow_diamond, chequers_temple_overflow_minitemple,
          nicolae_overflow_hidden_temple, okawaru_ov_weapons_minmay,
          minmay_misc_feat_iff, lightli_church_of_beogh, uniq_eustachio,
          uniq_duvessa

Skill      XL: |  1  2  3  4  5  6  7  8 |
---------------+-------------------------+-----
Maces & Flails | 3 4 5 6 7 9 11 | 11.0
Fighting       | |  3.2
Armour         | |  3.2
Shields        | |  3.2

Action                   |  1- 3 |  4- 6 |  7- 9 || total
-------------------------+-------+-------+-------++-------
Melee: Flail             |   143 |   139 |   187 ||   469
Armor: Scale mail        |    77 |    66 |    92 ||   235
Dodge: Dodged            |    45 |    33 |    54 ||   132
Block: Kite shield       |    84 |    63 |    90 ||   237

Table legend: (Time is in decaauts)
 A = Elapsed time spent in this place.
 B = Non-inter-level travel time spent in this place.
 C = Inter-level travel time spent in this place.
 D = Time resting spent in this place.
 E = Time spent auto-exploring this place.
 F = Levels seen in this place.
 G = Mean time per level.
                   A        B        C        D        E       F      G
               +--------+--------+--------+--------+--------+-----+--------+
         Total |   5239 |   5013 |    226 |    763 |   3197 |   5 | 1047.8 |
       Dungeon |   5239 |   5013 |    226 |    763 |   3197 |   5 | 1047.8 |
               +--------+--------+--------+--------+--------+-----+--------+

Top non-repeatable levels by time:
     D:5: 1760 daAuts
     D:4: 1133 daAuts
     D:2: 906 daAuts
     D:1: 865 daAuts
     D:3: 573 daAuts
